 Dungeon Crawl Stone Soup version 0.30-a0-219-gf2db51d15e (webtiles) character file.

Game seed: 12782214245953986667

81 gzilladon the Chopper (level 4, -6/45 HPs)
             Began as an Ogre Gladiator on Oct 7, 2022.
             Mangled by a gnoll
             ... wielding a +0 whip
              (9 damage)
             ... on level 3 of the Dungeon.
             The game lasted 00:07:47 (1887 turns).

gzilladon the Chopper (Ogre Gladiator)              Turns: 1887, Time: 00:07:48

Health: -6/45      AC:  3    Str: 20    XL:     4   Next: 42%
Magic:  4/4        EV: 10    Int:  9    God:
Gold:   91         SH:  0    Dex: 10    Spells: 3/3 levels left

rFire   . . .      SeeInvis .    a - +0 war axe
rCold   + . .      Faith    .    (no shield)
rNeg    . . .      Spirit   .    b - +0 robe
rPois   +          Reflect  .    c - +0 hat
rElec   .          Harm     .    (no cloak)
rCorr   .          Rampage  .    (gloves unavailable)
Will    .....                    (boots unavailable)
Stlth   +.........               (no amulet)
HPRegen 0.27/turn                i - ring of protection from cold
MPRegen 0.09/turn                t - ring of poison resistance

@: no status effects
A: large, unfitting armour, tough skin 1
a: no special abilities


You were on level 3 of the Dungeon.
You visited 1 branch of the dungeon, and saw 3 of its levels.

You collected 91 gold pieces.

Inventory:

Hand Weapons
 a - a +0 war axe (weapon)
 f - a +2 dagger of venom
 j - a +3 dagger
Missiles
 d - 3 throwing nets (quivered)
 e - a large rock
 k - 4 poisoned darts
 n - 6 stones
 v - 3 curare-tipped darts
Armour
 b - a +0 robe (worn)
 c - a +0 hat (worn)
 g - a +0 scale mail
 h - a +0 ring mail
 u - a +0 pair of gloves
Jewellery
 i - a ring of protection from cold (left hand)
 t - a ring of poison resistance (right hand)
Scrolls
 s - a scroll of immolation {unknown}
Potions
 l - a potion of haste
 m - 2 potions of might {unknown}
 o - a potion of heal wounds {unknown}
 q - a potion of curing


   Skills:
 * Level 3.2 Fighting
 * Level 4.1 Axes
 + Level 2.0 Throwing
 * Level 1.1 Armour
 + Level 3.0 Dodging
 + Level 0.5 Stealth


You had 3 spell levels left.
You didn't know any spells.
Your spell library contained the following spells:

 Spells                   Type           Power      Damage    Failure   Level
 Foxfire                  Conj/Fire      0%         2x1d4     38%         1
 Magic Dart               Conj           0%         1d3       38%         1
 Call Imp                 Summ           0%         N/A       52%         2
 Cigotuvi's Dreadful Rot  Necr/Pois/Air  0%         N/A       52%         2
 Mephitic Cloud           Conj/Pois/Air  0%         N/A       77%         3
 Dispel Undead            Necr           0%         3d6       99%         4
 Manifold Assault         Tloc           0%         N/A       99%         4
 Fireball                 Conj/Fire      0%         3d3       100%        5
 Death Channel            Necr           0%         N/A       100%        6
 Dispersal                Tloc           0%         N/A       100%        6
 Starburst                Conj/Fire      0%         6d3       100%        6
 Disjunction              Tloc           0%         N/A       100%        8


Dungeon Overview and Level Annotations

Branches:
Dungeon (3/15)

Altars:
Fedhas

Shops:
D:1 [(:


Innate Abilities, Weirdness & Mutations

You are too large for most types of armour.
You have tough skin. (AC +1)


Message History

* * * LOW HITPOINT WARNING * * *
As you read the scroll labelled WOROTO GOGREXT, it crumbles to dust.
You assume a fearsome visage.
The gnoll looks frightened! x4
It was a scroll of fear.
As you read the scroll labelled POILOTUJIA, it crumbles to dust.
It is a scroll of identify.
l - 2 potions of haste You feel yourself speed up.
You enter the shallow water.
Moving in this stuff is going to be slow.
You enter the shallow water.
Moving in this stuff is going to be slow.
You enter the shallow water.
Moving in this stuff is going to be slow.
You enter the shallow water.
Moving in this stuff is going to be slow.
You enter the shallow water.
Moving in this stuff is going to be slow.
You start resting.
Your extra speed is starting to run out.
You start resting.
You feel yourself slow down.
You start resting.
A gnoll is nearby!
A gnoll is nearby!
A gnoll is nearby!
The gnoll attacks as you move away! The gnoll hits you with a +0 whip.
You hit the gnoll.
The gnoll is lightly wounded.
The gnoll hits you with a +0 whip.
You hit the gnoll.
The gnoll is moderately wounded.
The gnoll hits you with a +0 whip!
* * * LOW HITPOINT WARNING * * *
You barely miss the gnoll.
The gnoll is moderately wounded.
The gnoll hits you with a +0 whip!
* * * LOW HITPOINT WARNING * * *
The gnoll hits you with a +0 whip!
You die...

...?#....#♣~~~♣
....#... ♣~~♣♣
.#..#.♣♣ ♣♣~~♣♣♣♣♣♣
.......♣♣♣P~~~PPPP♣##
.......~~..~~~~.~~..#
.)....♣~P~♣~~~♣P♣♣♣.#
≈.....♣♣♣♣♣.~~♣♣♣♣♣.#
≈.......♣ ♣♣~.♣.♣...#
≈.#.##### ♣P~♣♣.@g###
≈.#.# ♣♣~~♣♣### ≈.#g#
♣.♣♣ ≈...# ... ...
#####


You could see a gnoll.

Vanquished Creatures
  A jelly (D:2)
  An adder (D:2)
  3 endoplasms (D:1)
  2 giant cockroaches
  7 goblins
  5 hobgoblins
  3 jackals (D:3)
  2 quokkas
  3 ball pythons
  5 bats
  3 frilled lizards (D:1)
  A kobold (D:2)
  6 rats
42 creatures vanquished.

Vanquished Creatures (others)
  4 plants
4 creatures vanquished.

Grand Total: 46 creatures vanquished

Notes
Turn   | Place    | Note
-------+----------+-------------------------------------------
     0 | D:1      | gzilladon the Ogre Gladiator began the quest for the Orb.
     0 | D:1      | Reached XP level 1. HP: 22/22 MP: 1/1
    80 | D:1      | Found Ukiemesezo's Book Shop.
   131 | D:1      | Reached XP level 2. HP: 28/29 MP: 2/2
   176 | D:1      | Found Xextuur's Antique Armour Boutique.
   342 | D:1      | Found Mesilidi's Antique Weapon Shoppe.
  1021 | D:2      | Reached XP level 3. HP: 36/36 MP: 3/3
  1215 | D:2      | Found a faded altar of an unknown god.
  1279 | D:2      | Reached skill level 1 in Armour
  1279 | D:2      | Reached XP level 4. HP: 43/45 MP: 4/4
  1603 | D:2      | Reached skill level 4 in Axes
  1806 | D:3      | Found a blossoming altar of Fedhas.
  1887 | D:3      | Mangled by a gnoll

Illustrated notes

Levels and vault maps discovered:
D:1:      lightli_arrival_statuegarden, layout_loops_ring, serial_shops,
          nicolae_shop_overgrown_old_shop, nicolae_shop_trees, shop,
          minmay_pentomino_z4
D:2:      layout_basic, hellmonk_ecumenical_altar_zigzags
D:3:      layout_rooms, lemuel_tele_altar, mainiacjoe_overflow_catwalk,
          serial_bayou_crossing

Skill      XL: |  1  2  3  4 |
---------------+-------------+-----
Fighting       | 3 |  3.2
Armour         | 1 |  1.1
Dodging        | 3 |  3.0
Axes           | 4 |  4.1
Throwing       | |  2.0
Stealth        | |  0.5

Action                   |  1- 3 |  4- 6 || total
-------------------------+-------+-------++-------
Melee: War axe           |    89 |    29 ||   118
  Use: Potion            |     1 |     2 ||     3
       Scroll            |       |     2 ||     2
 Stab: Sleeping          |     1 |     1 ||     2
Armor: Robe              |    50 |     9 ||    59
Dodge: Dodged            |    61 |    33 ||    94

Table legend: (Time is in decaauts)
 A = Elapsed time spent in this place.
 B = Non-inter-level travel time spent in this place.
 C = Inter-level travel time spent in this place.
 D = Time resting spent in this place.
 E = Time spent auto-exploring this place.
 F = Levels seen in this place.
 G = Mean time per level.
                   A        B        C        D        E       F      G
               +--------+--------+--------+--------+--------+-----+--------+
         Total |   1921 |   1451 |    470 |    130 |      0 |   3 |  640.3 |
       Dungeon |   1921 |   1451 |    470 |    130 |      0 |   3 |  640.3 |
               +--------+--------+--------+--------+--------+-----+--------+

Top non-repeatable levels by time:
     D:1: 977 daAuts
     D:2: 784 daAuts
     D:3: 159 daAuts
